 Dungeon Crawl Stone Soup version 0.27-a0-1196-g3e9cee4 (webtiles) character file.

Game seed: 9578157561632006948

59 Meow the Sneak (level 4, 25/36 HPs)
             Began as a Naga Venom Mage on May 27, 2021.
             Quit the game on level 2 of the Dungeon.
             The game lasted 00:05:03 (1785 turns).

Meow the Sneak (Naga Venom Mage)                    Turns: 1785, Time: 00:05:04

Health: 25/36      AC:  2    Str: 10    XL:     4   Next: 3%
Magic:  5/8        EV: 10    Int: 16    God:
Gold:   88         SH:  0    Dex: 12    Spells: 1/8 levels left

rFire    . . .     SeeInvis +   a - +2 dagger (holy)
rCold    . . .     Faith    .   (no shield)
rNeg     . . .     Spirit   .   b - +0 robe
rPois    +         Reflect  .   (no helmet)
rElec    .         Harm     .   (no cloak)
rCorr    .         Rampage  .   (no gloves)
Will     .....                  (no barding)
Stlth    +++.......             (no amulet)
HPRegen  0.12/turn              (no ring)
MPRegen  0.11/turn              (no ring)

@: short of breath, very slow
A: AC +1, large, see invisible, deformed body, poison resistance, slowness 2,
spit poison 1, naga tail 1
a: Spit Poison


You were on level 2 of the Dungeon.
You visited 1 branch of the dungeon, and saw 2 of its levels.

You collected 88 gold pieces.

Inventory:

Hand Weapons
 a - a +2 dagger of holy wrath (weapon)
Missiles
 d - 12 arrows
 f - 36 stones (quivered)
Armour
 b - a +0 robe (worn)
Scrolls
 c - a scroll of teleportation {unknown}
 e - a scroll of amnesia {unknown}
 g - 2 scrolls of identify {unknown}
Potions
 h - a potion of heal wounds {unknown}
 i - a potion of ambrosia {unknown}
 j - a potion of cancellation {unknown}
 k - a potion of might {unknown}


   Skills:
 - Level 1.5 Dodging
 * Level 4.5 Stealth
 + Level 2.9 Spellcasting
 + Level 1.5 Conjurations
 - Level 1.0 Transmutations
 - Level 4.0 Poison Magic


You had one spell level left.
You knew the following spells:

 Your Spells              Type           Power      Damage    Failure   Level
a - Sting                 Tmut/Pois      40%        1d5       7%          1
c - Mephitic Cloud        Conj/Pois/Air  8%         N/A       26%         3
C - Ignite Poison         Fire/Tmut/Pois 7%         N/A       28%         3

Your spell library contained the following spells:

 Spells                   Type           Power      Damage    Failure   Level
 Poisonous Vapours        Pois/Air       16%        N/A       13%         2
 Olgreb's Toxic Radiance  Pois           15%        N/A       34%         4


Dungeon Overview and Level Annotations

Branches:
Dungeon (2/15)

Altars:

Shops:
D:2 (

Annotations:
D:1 1 runed translucent door


Innate Abilities, Weirdness & Mutations

Your serpentine skin is tough. (AC +1)
You have supernaturally acute eyesight. (SInv)
Armour fits poorly on your strangely shaped body.
Your system is resistant to poisons. (rPois)
You cover ground very slowly.
You can spit poison.
You have a snake-like lower body.


Message History

Aiming: Sting (safe; 7% risk of failure)
Press: ? - help, Shift-Dir - straight line, f/p - worm
Aim: a worm (severely wounded, very poisoned, 90% to hit)
The sting hits the worm.
The worm looks even sicker.
You kill the worm!
Unknown command.
You start resting.
You have got your breath back.
Your magical contamination has completely faded away.
Key pressed, stopping explore.
Found a stone staircase leading down.
Magic restored.
A dart slug comes into view.
Press: ? - help, Shift-Dir - straight line, f - dart slug
Aim: a dart slug (asleep)
The splash of poison hits the dart slug.
The dart slug is lightly wounded.
The dart slug launches a dart at you. The slug dart hits you.
Unknown command.
The dart slug launches a dart at you. The slug dart hits you.
Casting: Sting (safe; 7% risk of failure)
Confirm with . or Enter, or press ? or * to list all spells.
Aiming: Sting (safe; 7% risk of failure)
Press: ? - help, Shift-Dir - straight line, f/p - dart slug
Aim: a dart slug (lightly wounded, 100% to hit)
The sting hits the dart slug.
The dart slug is poisoned.
The dart slug is moderately wounded.
Casting: Sting (safe; 7% risk of failure)
Confirm with . or Enter, or press ? or * to list all spells.
Aiming: Sting (safe; 7% risk of failure)
Press: ? - help, Shift-Dir - straight line, f/p - dart slug
Aim: a dart slug (heavily wounded, poisoned, 100% to hit)
The sting hits the dart slug.
The dart slug looks even sicker.
The dart slug is severely wounded.
You kill the dart slug!
You have reached level 4!
You feel agile.
Are you sure you want to abandon this character and quit the game? (Confirm with "yes".)

#.#####..♣∩♣######.##
#.# #....######...#
#.# #..#♣##.....#..
#.# #..#.##.###...#
#.# #..#.##.# ##.##
#.#####.....#.# ##.#.
#....###.#..#.###....
####.# #...........##
#@# ###...........
#.# #....###.### #.#
#....###.# #.#
#P.......# #.#
#.P.8###.# #.. ##..##
#.# ### ##.#####.#
.........#
#.#..####.#


There were no monsters in sight!

Vanquished Creatures
  An adder (D:2)
  2 worms (D:2)
  A dart slug (D:2)
  3 ball pythons
  3 bats
  2 endoplasms
  4 giant cockroaches
  A goblin (D:1)
  4 hobgoblins
  6 quokkas
  4 frilled lizards
  3 kobolds
  A quokka skeleton (D:2)
  3 rats (D:1)
38 creatures vanquished.

Notes
Turn   | Place    | Note
-------+----------+-------------------------------------------
     0 | D:1      | Meow the Naga Venom Mage began the quest for the Orb.
     0 | D:1      | Reached XP level 1. HP: 15/15 MP: 3/3
     1 | D:1      | Found a runed translucent door.
   182 | D:1      | Reached XP level 2. HP: 20/22 MP: 3/5
   713 | D:1      | Reached skill level 1 in Conjurations
  1008 | D:2      | Reached XP level 3. HP: 28/28 MP: 5/7
  1012 | D:2      | Learned a level 3 spell: Ignite Poison
  1016 | D:2      | Learned a level 3 spell: Mephitic Cloud
  1270 | D:2      | Found Zimono's Weapon Shoppe.
  1785 | D:2      | Reached XP level 4. HP: 25/36 MP: 5/8
  1785 | D:2      | Quit the game

Illustrated notes

Levels and vault maps discovered:
D:1:      dpeg_arrival_caged_fury, layout_loops_ring
D:2:      layout_loops_ring, serial_undead, serial_undead_e, serial_undead_b,
          serial_undead_f, serial_undead_a, serial_shops, nicolae_shop_trees

Skill      XL: |  1  2  3 |
---------------+----------+-----
Conjurations   | 1 |  1.5
Stealth        | 4 |  4.5
Dodging        | |  1.5
Spellcasting   | |  2.9
Transmutations | |  1.0
Poison Magic   | |  4.0

Action                   |  1- 3 |  4- 6 || total
-------------------------+-------+-------++-------
Melee: Dagger            |     6 |       ||     6
Throw: Stone             |     7 |       ||     7
 Cast: Sting             |    34 |       ||    34
 Abil: Spit Poison       |    43 |       ||    43
Armor: Robe              |     5 |       ||     5
Dodge: Dodged            |    19 |       ||    19

Table legend: (Time is in decaauts)
 A = Elapsed time spent in this place.
 B = Non-inter-level travel time spent in this place.
 C = Inter-level travel time spent in this place.
 D = Time resting spent in this place.
 E = Time spent auto-exploring this place.
 F = Levels seen in this place.
 G = Mean time per level.
                   A        B        C        D        E       F      G
               +--------+--------+--------+--------+--------+-----+--------+
         Total |   2248 |   2197 |     51 |    485 |   1439 |   2 | 1124.0 |
       Dungeon |   2248 |   2197 |     51 |    485 |   1439 |   2 | 1124.0 |
               +--------+--------+--------+--------+--------+-----+--------+

Top non-repeatable levels by time:
     D:1: 1257 daAuts
     D:2: 991 daAuts
